 Dungeon Crawl Stone Soup version 0.25.1-8-g42b30a86e7 (webtiles) character file.

Game seed: 12600769320064398374

11 sahdkjhfkaj the Gusty (level 2, 0/22 HPs)
             Began as a Centaur Air Elementalist on Dec 5, 2020.
             Slain by a goblin (2 damage)
             ... led by Robin
             ... on level 2 of the Dungeon.
             The game lasted 00:03:06 (667 turns).

sahdkjhfkaj the Gusty (Centaur Air Elementalist)     Turns: 667, Time: 00:03:07

Health: 0/22       AC:  4    Str: 10    XL:     2   Next: 13%
Magic:  2/4        EV:  9    Int: 14    God:
Gold:   0          SH:  0    Dex:  9    Spells: 3/4 levels left

rFire    . . .     SeeInvis .   (no weapon)
rCold    . . .     Gourm    .   (no shield)
rNeg     . . .     Faith    .   a - +0 robe
rPois    .         Spirit   .   (no helmet)
rElec    .         Reflect  .   (no cloak)
rCorr    .         Harm     .   (no gloves)
MR       .....                  (no barding)
Stlth    +.........             (no amulet)
HPRegen  0.07/turn              (no ring)
MPRegen  0.09/turn              (no ring)

@: very quick
A: large, hooves 3, deformed body, speed 2, tough skin 3
a: no special abilities


You were on level 2 of the Dungeon.
You were not hungry.

You visited 1 branch of the dungeon, and saw 3 of its levels.

Inventory:

Hand Weapons
 d - a +0 dagger
Missiles
 b - 15 stones (quivered)
Armour
 a - a +0 robe (worn)
 g - a cursed +0 chain mail
Scrolls
 e - a scroll of teleportation {!r, unknown}
 f - a scroll of magic mapping {!r}
Comestibles
 c - a ration


   Skills:
 + Level 0.6 Fighting
 - Level 1.3 Dodging
 - Level 1.1 Stealth
 + Level 1.7 Spellcasting
 + Level 1.2 Conjurations
 + Level 2.9 Air Magic


You had 3 spell levels left.
You knew the following spells:

 Your Spells              Type           Power        Failure   Level  Hunger
a - Shock                 Conj/Air       #...         11%         1    ##.....

Your spell library contained the following spells:

 Spells                   Type           Power        Failure   Level  Hunger
 Swiftness                Chrm/Air       #.......     21%         2    ###....
 Static Discharge         Conj/Air       #.......     32%         3    ####...
 Airstrike                Air            #.........   58%         4    #####..
 Lightning Bolt           Conj/Air       #.........   96%         5    ######.


Dungeon Overview and Level Annotations

Branches:
Dungeon (3/15)

Altars:

Annotations:
D:2 Sigmund
D:3 Jessica


Innate Abilities, Weirdness & Mutations

You have hooves in place of feet.
Armour fits poorly on your strangely shaped body.
You cover ground very quickly.
You have extremely tough skin. (AC +3)


Message History

You closely miss the hobgoblin. The hobgoblin barely misses you.
You hit the hobgoblin but do no damage. The goblin hits you but does no damage.
The hobgoblin barely misses you.
You barely miss the hobgoblin. The goblin hits you but does no damage.
The hobgoblin hits you but does no damage.
You barely miss the hobgoblin.
A goblin comes into view.
The goblin hits you.
* * * LOW HITPOINT WARNING * * *
The goblin hits you with a +0 club.
* * * LOW HITPOINT WARNING * * *
The hobgoblin hits you but does no damage.
Your magical contamination has completely faded away.
Unknown command.
Unknown command.
Really read
f - 2 scrolls labeled PEFFER LYX CYU {!r}?
As you read the scroll labeled PEFFER LYX CYU {!r}, it crumbles to dust.
You feel aware of your surroundings.
You sensed 1 altar.
It was a scroll of magic mapping {!r}.
The goblin hits you.
You die...

############*****
########gg...g.....,,,,,
#....Jg@g..........,,,,,
#.######g######....,,,,,
#.# #.# *,###***** #.#
#.# *,*,,,,,,, #.# #.#
*,*,****** #.# **#+#*
*,*,*,,,,,
#####g####,,,,*
*,*,*,****
#....J...+,,,,*
*,*<,,,,,*
######.###.####,,,,*
*,*,*,*,,*


You could see an ooze, 2 hobgoblins and 4 goblins.

Vanquished Creatures
  A bat (D:2)
  3 jackals (D:2)
  A frilled lizard (D:2)
  3 goblins
  A kobold (D:1)
  A rat (D:1)
10 creatures vanquished.

Notes
Turn   | Place    | Note
-------+----------+-------------------------------------------
     0 | D:1      | sahdkjhfkaj the Centaur Air Elementalist began the quest
                  | for the Orb.
     0 | D:1      | Reached XP level 1. HP: 14/14 MP: 3/3
    63 | D:1      | Reached skill level 1 in Conjurations
   328 | D:1      | You fall into a shaft and drop 1 floor!
   500 | D:2      | Noticed Sigmund
   575 | D:2      | Reached XP level 2. HP: 3/22 MP: 0/4
   595 | D:2      | HP: 1/22 [jackal (3)]
   633 | D:3      | Noticed Jessica
   633 | D:3      | Noticed a black bear
   667 | D:2      | Slain by a goblin

Illustrated notes

Levels and vault maps discovered:
D:1:      dpeg_arrival_solitude, layout_basic
D:2:      layout_basic, kennysheep_slug_shrine, minmay_heptomino_o4, uniq_robin,
          uniq_sigmund
D:3:      layout_loops_ring, old_standard_altar, lemuel_round_altar,
          first_ration, portal_sewer_entry_d, nemelex_lonely_heart_becter,
          uniq_jessica

Skill      XL: |  1 |
---------------+----+-----
Conjurations   | 1 |  1.2
Fighting       | |  0.6
Dodging        | |  1.3
Stealth        | |  1.1
Spellcasting   | |  1.7
Air Magic      | |  2.9

Action                   || total
-------------------------++-------
Melee: Unarmed           ||    14
       Kick              ||     2
 Cast: Shock             ||    18
  Use: Scroll            ||     1
Armor: Robe              ||    13
Dodge: Dodged            ||    16
